 Dungeon Crawl Stone Soup version 0.21-a0-171-g0f4a3b6 (webtiles) character file.

1183 pogona the Ruffian (level 8, 0/79 HPs)
             Began as a Troll Monk on Aug 7, 2017.
             Was an Elder of Okawaru.
             Slain by a wyvern zombie (4 damage)
             ... on level 6 of the Dungeon.
             The game lasted 00:06:48 (4927 turns).

pogona the Ruffian (Troll Monk)                     Turns: 4927, Time: 00:06:49

Health: 0/79       AC:  8    Str: 20    XL:     8   Next: 19%
Magic:  9/9        EV: 10    Int:  6    God:    Okawaru [****..]
Gold:   297        SH:  0    Dex: 14    Spells: 6/7 levels left

rFire    . . .     SeeInvis .     - Unarmed
rCold    . . .     Gourm    +   (no shield)
rNeg     + . .     Faith    .   u - +2 robe {rN+}
rPois    +         Spirit   .   (helmet restricted)
rElec    .         Reflect  .   y - +0 cloak
rCorr    .         Harm     .   (gloves unavailable)
MR       .....                  (boots unavailable)
Stlth    +.........             (no amulet)
HPRegen  0.63/turn              d - ring of poison resistance
MPRegen  0.11/turn              (no ring)

@: no status effects
A: unfitting armour, claws 3, hooves 1, fast metabolism 3, gourmand,
regeneration 1, shaggy fur 1, tough skin 2
a: Heroism, Renounce Religion


You were on level 6 of the Dungeon.
You worshipped Okawaru.
Okawaru was greatly pleased with you.
You were very full.

You visited 1 branch of the dungeon, and saw 6 of its levels.

You collected 297 gold pieces.

Inventory:

Missiles
 f - 66 stones (quivered)
Armour
 a - a +0 robe
 u - a +2 robe of positive energy (worn)
 y - a +0 cloak (worn)
Jewellery
 d - a ring of poison resistance (left claw)
 k - an uncursed ring of protection from magic {unknown}
 p - an uncursed ring of protection from cold {unknown}
 w - an uncursed amulet of harm {unknown}
 x - an uncursed ring of protection from magic {unknown}
Wands
 v - a wand of digging (13/24)
Scrolls
 g - 9 scrolls of identify {unknown}
 h - a scroll of enchant weapon {unknown}
 m - 2 scrolls of fog {unknown}
 o - a scroll of random uselessness {unknown}
 q - a scroll of noise {unknown}
 s - 2 scrolls of remove curse {unknown}
 D - a scroll of torment {unknown}
 G - a scroll of magic mapping {unknown}
 H - 2 scrolls of teleportation {unknown}
Potions
 c - 2 potions of flight {unknown}
 e - a potion of degeneration {unknown}
 j - a potion of mutation
 n - a potion of cancellation {unknown}
 r - a potion of resistance {unknown}
 t - a potion of heal wounds {unknown}
 z - a potion of might {unknown}
 B - a potion of agility {unknown}
 C - a potion of haste {unknown}
 I - a potion of lignification {unknown}
 J - a potion of invisibility {unknown}
Books
 l - a book of Changes

   Spells                             Type                      Level
   a - Beastly Appendage              Transmutation                1
   b - Sticks to Snakes               Transmutation                2
   c - Spider Form                    Transmutation/Poison         3
   d - Ice Form                       Ice/Transmutation            4
   e - Blade Hands                    Transmutation                5
 E - Sif Muna's Collected Works on Enhancements
   (You found it on level 5 of the Dungeon)

   Spells                             Type                      Level
   a - Infusion                       Charms                       1
Comestibles
 b - 5 bread rations
 i - a royal jelly
 A - 3 meat rations
 F - 4 fruits


   Skills:
 + Level 4.7 Fighting
 - Level 2.4 Dodging
 - Level 1.0 Stealth
 * Level 7.9 Unarmed Combat
 + Level 3.6 Invocations


You had 6 spell levels left.
You knew the following spells:

 Your Spells              Type           Power        Failure   Level  Hunger
a - Beastly Appendage     Tmut           #.....       45%         1    ##.....


Dungeon Overview and Level Annotations

Branches:
Dungeon (6/15)             Temple (0/1) D:5

Altars:
Ashenzari
Cheibriados
Dithmenos
Elyvilon
Fedhas
Kikubaaqudgha
Nemelex Xobeh
Okawaru
Ru
Sif Muna
Uskayaw
Vehumet


Innate Abilities, Weirdness & Mutations

You are too large for most types of armour.
You have claws for hands.
Your metabolism is lightning-fast.
You like to eat raw meat.
Your natural rate of healing is unusually fast.
You are covered in fur. (AC +1)
You have very tough skin. (AC +2)
You have large cloven feet.


Message History

The wyvern zombie bites you!
* * * LOW HITPOINT WARNING * * *
Unknown command.
Okay, then.
Unknown command.
Unknown command.
Unknown command.
The wyvern zombie barely misses you. The wyvern zombie bites you!
* * * LOW HITPOINT WARNING * * *
The wyvern zombie bites you.
* * * LOW HITPOINT WARNING * * *
Okay, then.
Unknown command.
It was a potion of mutation.
You feel extremely strange.
Your feet thicken and deform.
Your hooves expand and flesh out into feet!
Your feet thicken and deform.
The wyvern zombie bites you.
You die...

############# ##
#....##..$.$#..#
########.............$#
.##.##.........##.............#
........#.....................#
........#......)).............#
........#......)@Z............#
#.#....###..#######.##...######
.......###..##.####'######
#.#...............'........
.......)..........#........
#.#...............#........
.......#######...###+######
.#.....##...##...##.....
###....##..)............


You could see a wyvern zombie.

Vanquished Creatures
  A hippogriff (D:5)
  An orc warrior (D:6)
  A centaur (D:5)
  Blork the orc (D:4)
  3 scorpions
  A howler monkey (D:4)
  An orc priest (D:5)
  2 hounds
  A jelly (D:5)
  Terence (D:2)
  An iguana (D:5)
  4 orc wizards
  3 worker ants
  A hound zombie (D:4)
  A hound skeleton (D:4)
  3 gnolls (D:3)
  5 adders
  An ooze (D:2)
  An adder skeleton (D:4)
  3 worms
  6 leopard geckos
  23 orcs
  A ball python (D:5)
  5 bats
  A giant cockroach (D:4)
  3 goblins
  5 hobgoblins
  8 jackals
  10 kobolds
  A quokka (D:2)
  A frilled lizard (D:1)
  2 quokka skeletons (D:4)
  8 rats
110 creatures vanquished.

Notes
Turn   | Place    | Note
-------+----------+-------------------------------------------
     0 | D:1      | pogona the Troll Monk began the quest for the Orb.
     0 | D:1      | Reached XP level 1. HP: 22/22 MP: 0/0
   258 | D:1      | Reached XP level 2. HP: 28/29 MP: 1/1
  1065 | D:2      | Noticed Terence
  1107 | D:2      | Killed Terence
  1107 | D:2      | Reached skill level 4 in Unarmed Combat
  1107 | D:2      | Reached XP level 3. HP: 33/37 MP: 2/2
  1463 | D:2      | Found a faded altar of an unknown god.
  1475 | D:2      | Reached XP level 4. HP: 43/45 MP: 3/3
  1724 | D:2      | Found a shadowy altar of Dithmenos.
  1731 | D:2      | Found a blossoming altar of Fedhas.
  1732 | D:2      | Found a sparkling altar of Nemelex Xobeh.
  1732 | D:2      | Found a sacrificial altar of Ru.
  1732 | D:2      | Found a white marble altar of Elyvilon.
  1732 | D:2      | Found an iron altar of Okawaru.
  1735 | D:2      | Found a shattered altar of Ashenzari.
  1737 | D:2      | Found a snail-covered altar of Cheibriados.
  1763 | D:2      | Became a worshipper of Warmaster Okawaru
  1763 | D:2      | Reached * piety under Okawaru
  1763 | D:2      | Reached ** piety under Okawaru
  2206 | D:3      | Reached skill level 1 in Invocations
  2206 | D:3      | Reached XP level 5. HP: 53/53 MP: 4/4
  2248 | D:3      | Reached skill level 5 in Unarmed Combat
  2634 | D:3      | Learned a level 1 spell: Beastly Appendage
  2721 | D:4      | Noticed Blork the orc
  2775 | D:4      | Killed Blork the orc
  2775 | D:4      | Reached XP level 6. HP: 52/61 MP: 0/6
  3023 | D:4      | Reached skill level 6 in Unarmed Combat
  3422 | D:5      | Entered Level 5 of the Dungeon
  3435 | D:5      | Reached *** piety under Okawaru
  3435 | D:5      | Reached XP level 7. HP: 51/70 MP: 7/7
  3669 | D:5      | Found a hide-covered altar of Uskayaw.
  3733 | D:5      | Noticed a hippogriff
  3742 | D:5      | Killed a hippogriff
  3742 | D:5      | Reached skill level 7 in Unarmed Combat
  3986 | D:5      | Found a staircase to the Ecumenical Temple.
  4187 | D:5      | Found a radiant altar of Vehumet.
  4193 | D:5      | Found an ancient bone altar of Kikubaaqudgha.
  4194 | D:5      | Found a deep blue altar of Sif Muna.
  4197 | D:5      | Identified Sif Muna's Collected Works on Enhancements
  4280 | D:5      | Reached **** piety under Okawaru
  4280 | D:5      | Reached XP level 8. HP: 78/79 MP: 9/9
  4927 | D:6      | Gained mutation: You have large cloven feet. [potion of mutation]
  4927 | D:6      | Lost mutation: You have large cloven feet. [potion of mutation]
  4927 | D:6      | Gained mutation: You have large cloven feet. [potion of mutation]
  4927 | D:6      | Slain by a wyvern zombie

Vault maps used:
D:1:      minmay_arrival_stair_chambers
D:2:      minitemple, chequers_ecumenical_altar_simple, first_bread,
          uniq_terence
D:4:      uniq_blork_the_orc
D:5:      grunt_temple_overflow_magic_moments, kennysheep_mini,
          minmay_temple_entry_statues_pillars
D:6:      serial_glass, glass_columns_b, glass_columns_a

Skill      XL: |  1  2  3  4  5  6  7 |
---------------+----------------------+-----
Fighting       | 3 4 |  4.7
Unarmed Combat | 4 5 6 7 |  7.9
Invocations    | 1 2 3 |  3.6
Dodging        | |  2.4
Stealth        | |  1.0

Action                   |  1- 3 |  4- 6 |  7- 9 || total
-------------------------+-------+-------+-------++-------
Melee: Unarmed           |    72 |   160 |    99 ||   331
       Punch             |     2 |     2 |     4 ||     8
Throw: Stone             |     7 |     1 |       ||     8
 Cast: Beastly Appendage |       |     2 |       ||     2
  Use: Potion            |       |       |     1 ||     1
 Stab: Sleeping          |     2 |     2 |     2 ||     6
  Eat: Chunk             |    18 |    16 |    15 ||    49
Armor: Robe              |    19 |    52 |    31 ||   102
Dodge: Dodged            |    24 |    95 |    43 ||   162
